 Dungeon Crawl Stone Soup version 0.29.1-1-gd02db6906a (webtiles) character file.

Game seed: 17827239419159609852

12570 Icepheonix32 the Fighter (level 11, 0/156 HPs)
             Began as a Minotaur Fighter on Sept 21, 2022.
             Was a High Priest of Okawaru.
             Shot with an arrow by a centaur warrior (13 damage)
             ... on level 10 of the Dungeon.
             The game lasted 00:15:18 (10289 turns).

Icepheonix32 the Fighter (Minotaur Fighter)        Turns: 10289, Time: 00:15:18

Health: 0/156      AC: 29    Str: 23    XL:     11   Next: 64%
Magic:  14/14      EV:  2    Int:  5    God:    Okawaru [*****.]
Gold:   453        SH:  0    Dex: 12    Spells: 10/10 levels left

rFire   . . .      SeeInvis .   u - +5 flail (drain)
rCold   . . .      Faith    .   (no shield)
rNeg    . . .      Spirit   .   (body armour currently unavailable)
rPois   +          Reflect  .   (helmet currently unavailable)
rElec   .          Harm     .   (cloak currently unavailable)
rCorr   .          Rampage  .   (gloves currently unavailable)
Will    +....      Rage     3%  (boots currently unavailable)
Stlth   ++........ NoTele   +   (no amulet)
HPRegen 0.36/turn               l - +4 ring of evasion
MPRegen 0.14/turn               F - +4 ring of protection

@: tree-form, on berserk cooldown, slowed, very slow
A: stationary, stasis, torment immunity, boosted hp, (horns 2), (retaliatory
headbutt), berserk 1, (fire resistance 1), strong-willed 1
a: Renounce Religion, Heroism, Finesse, Duel


You were on level 10 of the Dungeon.
You worshipped Okawaru.
Okawaru was extremely pleased with you.
You were a tree.
You visited 2 branches of the dungeon, and saw 11 of its levels.

You collected 651 gold pieces.
You spent 198 gold pieces at shops.

Inventory:

Hand Weapons
 a - a +0 war axe
 u - a +5 flail of draining (weapon)
 w - a +1 lajatang of speed
 x - a +4 vorpal scythe
Missiles
 m - 3 curare-tipped darts
 o - 2 throwing nets
 t - 10 boomerangs (quivered)
Armour
 b - a +0 scale mail (melded)
 c - a +0 buckler
 p - a +2 pair of boots (melded)
 q - a +0 chain mail
Jewellery
 l - a +4 ring of evasion (left branch)
 v - a ring of ice
 z - a ring of positive energy
 F - a +4 ring of protection (right branch)
 I - an amulet of magic regeneration
Wands
 i - a wand of flame (15)
 B - a wand of roots (6)
Scrolls
 e - 2 scrolls of vulnerability
 f - 3 scrolls of immolation
 g - 4 scrolls of fear
 h - a scroll of torment
 r - 7 scrolls of identify
 y - 4 scrolls of teleportation
 E - 2 scrolls of enchant armour
Potions
 j - a potion of haste
 k - 5 potions of curing
 n - a potion of magic
 s - a potion of brilliance
 A - 2 potions of might
 C - 4 potions of flight
 G - a potion of attraction
Miscellaneous
 H - a lightning rod (4/4)


   Skills:
 * Level 12.0 Fighting
 - Level 3.9(8.1) Axes
 + Level 11.0(12.3) Maces & Flails
 + Level 7.9(10.6) Staves
 + Level 1.3 Throwing
 + Level 9.7 Armour
 + Level 3.6 Dodging
 + Level 2.3 Stealth
 + Level 4.4 Shields
 * Level 5.6 Invocations
 * Level 2.2 Evocations


You had 10 spell levels left.
You didn't know any spells.
Your spell library contained the following spells:

 Spells                   Type           Power      Damage    Failure   Level
 Confusing Touch          Hex            0%         N/A       85%         3
 Conjure Flame            Conj/Fire      0%         6-21      85%         3
 Dazzling Flash           Conj/Hex       0%         N/A       85%         3
 Ignite Poison            Fire/Tmut/Pois 0%         N/A       85%         3
 Inner Flame              Hex/Fire       0%         N/A       85%         3
 Anguish                  Hex/Necr       0%         N/A       99%         4
 Cause Fear               Hex            0%         N/A       99%         4
 Iskenderun's Mystic Bla  Conj/Tloc      0%         2d3       99%         4
 Sticky Flame             Conj/Fire      0%         2d3       99%         4
 Alistair's Intoxication  Tmut/Pois      0%         N/A       100%        5
 Borgnjor's Vile Clutch   Necr/Erth      0%         N/A       100%        5
 Yara's Violent Unravell  Hex/Tmut       0%         3d3       100%        5
 Eringya's Noxious Bog    Tmut/Pois      0%         N/A       100%        6
 Starburst                Conj/Fire      0%         6d3       100%        6
 Dragon Form              Tmut           0%         N/A       100%        7
 Discord                  Hex            0%         N/A       100%        8
 Dragon's Call            Summ           Unusable   N/A       N/A         9

Dungeon Overview and Level Annotations

Branches:
Dungeon (10/15)            Temple (1/1) D:6            Lair (0/5) D:8
    Orc: D:9-12

Altars:
Ashenzari
Cheibriados
Dithmenos
Elyvilon
Fedhas
Gozag
Hepliaklqana
Kikubaaqudgha
Makhleb
Nemelex Xobeh
Okawaru
Qazlal
Ru
Sif Muna
Trog
Uskayaw
Vehumet
Wu Jian
Xom
Yredelemnul
Zin
The Shining One

Shops:
D:9 =!!


Innate Abilities, Weirdness & Mutations

You are a tree.
Your roots penetrate the ground, keeping you stationary.
You cannot be teleported.
You are immune to unholy pain and torment.
Your maximum health is greatly increased.
Your equipment is partially melded.
((You have a pair of horns on your head.))
((You reflexively headbutt those who attack you in melee.))
You sometimes lose your temper in combat.
((Your flesh is heat resistant. (rF+)))
You are strong-willed. (Will+)


Message History

The centaur warrior kicks you but does no damage.
You bludgeon the centaur warrior!!
You kill the centaur warrior!
Okawaru is honoured by your kill.
The centaur warrior shoots an arrow.
The arrow hits you.
* * * LOW HITPOINT WARNING * * *
Your base Maces & Flails skill increases to level 11!
Your Evocations skill increases to level 2!
You bludgeon the wyvern!! You drain the wyvern.
You kill the wyvern!
Okawaru accepts your kill.
The centaur warrior shoots an arrow.
The arrow hits you but does no damage.
Your Fighting skill increases to level 12!
Unknown command.
You are too berserk!
Unknown command.
The centaur warrior shoots an arrow.
The arrow hits you.
* * * LOW HITPOINT WARNING * * *
You feel a strong urge to attack something.
The centaur warrior shoots an arrow.
The arrow hits you.
* * * LOW HITPOINT WARNING * * *
The boulder beetle leaps!
You feel your anger nearly subside.
You are no longer berserk.
You are exhausted.
You feel yourself slow down.
The centaur warrior shoots an arrow.
The arrow hits you but does no damage.
The centaur warrior shoots an arrow.
The arrow hits you!
* * * LOW HITPOINT WARNING * * *
The centaur warrior shoots an arrow.
The arrow hits you but does no damage.
The boulder beetle curls into a ball and begins rolling!
The centaur warrior shoots an arrow.
The arrow hits you but does no damage.
The centaur warrior shoots an arrow.
The arrow hits you.
* * * LOW HITPOINT WARNING * * *
The centaur warrior shoots an arrow.
The arrow hits you.
* * * LOW HITPOINT WARNING * * *
The centaur warrior shoots an arrow.
The arrow hits you but does no damage.
The centaur warrior shoots an arrow.
The arrow hits you!
* * * LOW HITPOINT WARNING * * *
The centaur warrior shoots an arrow.
The arrow hits you!
You die...

.....####...# #..
..##))###.(.## ...
..##..)...#..### >.###
..##..)).)##...##.....
..#..)................
....##.##...##...#####
.#...#.##.#....###
.###.....c###.c).## .#
##.#..c ##.#♣B# .#
#.#### #..#.°# ## #.#
##.##.°.# ### ##°# ..
.# #


You could see a boulder beetle (rolling) and a centaur warrior.

Vanquished Creatures
  A centaur warrior (D:10)
  3 two-headed ogres
  6 death yaks
  2 kobold demonologists (D:9)
  Grinder (D:4)
  2 hornets (D:8)
  Sigmund (D:5)
  Eustachio (D:5)
  A shadow (D:9)
  2 wyverns
  A steam dragon (D:8)
  Edmund (D:4)
  Duvessa (D:7)
  3 water moccasins
  3 sky beasts
  2 orc warriors
  4 ice beasts
  4 ogres
  A phantom (D:5)
  5 centaurs
  Blork the orc (D:4)
  A bullfrog (D:8)
  7 kobold brigands
  A necrophage (D:6)
  3 scorpions
  Dowan (D:7)
  5 killer bees (D:7)
  2 howler monkeys
  3 gnoll boudas
  4 hounds
  7 orc priests
  2 jellies
  6 iguanas
  Ijyb (D:5)
  17 orc wizards
  13 gnolls
  12 adders
  2 white imps
  3 ufetubi
  A worm (D:2)
  4 dart slugs
  47 orcs
  2 bats
  3 endoplasms
  A giant cockroach (D:2)
  2 goblins
  3 hobgoblins
  6 jackals (D:2)
  7 quokkas
  9 ball pythons
  5 frilled lizards
  23 kobolds
  5 rats
254 creatures vanquished.

Notes
Turn   | Place    | Note
-------+----------+-------------------------------------------
     0 | D:1      | Icepheonix32 the Minotaur Fighter began the quest for the
                  | Orb.
     0 | D:1      | Reached XP level 1. HP: 19/19 MP: 0/0
   311 | D:1      | Reached XP level 2. HP: 27/27 MP: 1/1
   342 | D:1      | Found a faded altar of an unknown god.
  1028 | D:2      | Reached skill level 4 in Fighting
  1028 | D:2      | Reached XP level 3. HP: 33/33 MP: 2/2
  1182 | D:2      | Reached XP level 4. HP: 37/41 MP: 3/3
  1948 | D:3      | Found an ancient bone altar of Kikubaaqudgha.
  2047 | D:3      | Found the +4 dagger "Morg" {pain, Will+ Int+5}
  2270 | D:3      | Reached XP level 5. HP: 47/47 MP: 4/4
  2548 | D:4      | Reached skill level 5 in Fighting
  2578 | D:4      | Noticed Blork the orc
  2584 | D:4      | Killed Blork the orc
  2585 | D:4      | Reached skill level 1 in Staves
  2585 | D:4      | Reached skill level 1 in Throwing
  2697 | D:4      | Found a stormy altar of Qazlal.
  2762 | D:4      | Reached XP level 6. HP: 56/56 MP: 5/5
  2965 | D:4      | Reached skill level 5 in Armour
  3118 | D:4      | Reached skill level 1 in Dodging
  3139 | D:4      | Found a shimmering altar of Xom.
  3145 | D:4      | Noticed Grinder
  3149 | D:4      | Reached XP level 7. HP: 49/62 MP: 6/6
  3158 | D:4      | Killed Grinder
  3159 | D:4      | Reached skill level 6 in Fighting
  3159 | D:4      | Reached skill level 5 in Staves
  3797 | D:4      | Noticed Edmund
  3804 | D:4      | Killed Edmund
  3805 | D:4      | Reached skill level 1 in Stealth
  3805 | D:4      | Reached XP level 8. HP: 61/71 MP: 7/7
  3942 | D:5      | Entered Level 5 of the Dungeon
  4048 | D:5      | Noticed Sigmund
  4054 | D:5      | Killed Sigmund
  4125 | D:5      | Got Ruodgh's Encyclopedia of Bewitchment
  4139 | D:5      | Reached skill level 7 in Fighting
  4141 | D:5      | Reached skill level 1 in Evocations
  4265 | D:5      | Reached skill level 1 in Maces & Flails
  4408 | D:5      | Noticed Eustachio
  4420 | D:5      | Killed Eustachio
  4538 | D:5      | Noticed Ijyb
  4545 | D:5      | Killed Ijyb
  4717 | D:5      | Reached XP level 9. HP: 50/79 MP: 8/8
  5393 | D:6      | Reached skill level 8 in Fighting
  5405 | D:6      | Found a staircase to the Ecumenical Temple.
  5461 | Temple   | Entered the Ecumenical Temple
  5471 | Temple   | Became a worshipper of Warmaster Okawaru
  5689 | D:6      | Reached skill level 5 in Maces & Flails
  5689 | D:6      | Reached skill level 1 in Invocations
  6057 | D:7      | Reached * piety under Okawaru
  6244 | D:7      | Reached skill level 9 in Fighting
  6537 | D:7      | Found a glowing silver altar of Zin.
  6789 | D:7      | Noticed Dowan
  6796 | D:7      | Killed Dowan
  6842 | D:7      | Noticed Duvessa
  6864 | D:7      | Killed Duvessa
  6865 | D:7      | Reached XP level 10. HP: 58/59 MP: 10/10
  7428 | D:8      | Noticed a death yak
  7428 | D:8      | Noticed a death yak
  7435 | D:8      | Noticed a death yak
  7436 | D:8      | Noticed a death yak
  7438 | D:8      | Noticed a death yak
  7439 | D:8      | Noticed a death yak
  7440 | D:8      | Noticed a two-headed ogre
  7441 | D:8      | Killed a death yak
  7454 | D:7      | Killed a death yak
  7454 | D:7      | Reached ** piety under Okawaru
  7787 | D:7      | Gained mutation: Your mind is acute. (Int +4, Str/Dex -1)
                  | [potion of mutation]
  7790 | D:7      | Lost mutation: Your mind is acute. (Int +4, Str/Dex -1)
                  | [potion of mutation]
  7790 | D:7      | Gained mutation: Armour fits poorly on your strangely
                  | shaped body. [potion of mutation]
  7790 | D:7      | Gained mutation: You have sharp toenails. [potion of
                  | mutation]
  7790 | D:7      | Gained mutation: You occasionally lose the ability to read
                  | scrolls when taking damage. [potion of mutation]
  7791 | D:7      | Lost mutation: You occasionally lose the ability to read
                  | scrolls when taking damage. [potion of mutation]
  7791 | D:7      | Lost mutation: Armour fits poorly on your strangely shaped
                  | body. [potion of mutation]
  7791 | D:7      | Lost mutation: You have sharp toenails. [potion of
                  | mutation]
  7791 | D:7      | Gained mutation: You have hidden genetic defects. [potion
                  | of mutation]
  7791 | D:7      | Gained mutation: You passively map a small area around you.
                  | [potion of mutation]
  7791 | D:7      | Gained mutation: You have a somewhat thin skeletal
                  | structure. (Dex +2, Stealth+) [potion of mutation]
  7892 | D:8      | Noticed a two-headed ogre
  7902 | D:8      | Killed a two-headed ogre
  7903 | D:8      | Reached skill level 10 in Fighting
  7978 | D:8      | Found a shadowy altar of Dithmenos.
  7986 | D:8      | Paralysed by a hornet for 2 turns
  7996 | D:8      | Gained mutation: Your magical capacity is low. (-10% MP)
                  | [hidden defects]
  8431 | D:8      | Killed a death yak
  8431 | D:8      | Reached *** piety under Okawaru
  8444 | D:8      | Killed a death yak
  8445 | D:8      | Reached XP level 11. HP: 58/101 MP: 8/11
  8448 | D:8      | Gained mutation: You sometimes lose your temper in combat.
                  | [hidden defects]
  8448 | D:8      | Lost mutation: You have hidden genetic defects. [hidden
                  | defects expressed]
  8452 | D:8      | Killed a death yak
  8457 | D:8      | Killed a death yak
  8457 | D:8      | Reached **** piety under Okawaru
  8458 | D:8      | Reached skill level 10 in Maces & Flails
  8858 | D:8      | Reached skill level 11 in Fighting
  8923 | D:8      | Killed a two-headed ogre
  8924 | D:8      | Reached skill level 5 in Invocations
  8963 | D:8      | Found a staircase to the Lair.
  9298 | D:9      | Noticed a two-headed ogre
  9300 | D:9      | Found Raonudoph's Distillery.
  9305 | D:9      | Killed a two-headed ogre
  9321 | D:9      | Lost mutation: You have a somewhat thin skeletal structure.
                  | (Dex +2, Stealth+) [potion of mutation]
  9321 | D:9      | Lost mutation: You passively map a small area around you.
                  | [potion of mutation]
  9321 | D:9      | Lost mutation: Your magical capacity is low. (-10% MP)
                  | [potion of mutation]
  9321 | D:9      | Gained mutation: Your flesh is heat resistant. (rF+)
                  | [potion of mutation]
  9321 | D:9      | Gained mutation: You are strong-willed. (Will+) [potion of
                  | mutation]
  9338 | D:9      | Bought a potion of might for 48 gold pieces
  9338 | D:9      | Bought a potion of might for 48 gold pieces
  9338 | D:9      | Bought a potion of berserk rage for 60 gold pieces
  9531 | D:9      | Reached ***** piety under Okawaru
  9776 | D:9      | Found Limeymnu's Jewellery Emporium.
  9924 | D:9      | Found Kuosewuo's Distillery.
  9935 | D:9      | Bought a potion of attraction for 42 gold pieces
 10145 | D:10     | Entered Level 10 of the Dungeon
 10244 | D:10     | Noticed a centaur warrior
 10252 | D:10     | Noticed a boulder beetle
 10262 | D:10     | Noticed a centaur warrior
 10280 | D:10     | Killed a centaur warrior
 10282 | D:10     | Reached skill level 12 in Fighting
 10289 | D:10     | Shot with an arrow by a centaur warrior

Illustrated notes

Levels and vault maps discovered:
D:1:      dpeg_arrival_rooms_b, layout_loops_corners,
          ebering_ecumenical_altar_sacrificial
D:2:      layout_basic, minmay_snake_closets
D:3:      layout_basic, nicolae_kikubaaqudgha_miasma_corner
D:4:      layout_basic, mainiacjoe_overflow_small_starburst,
          nicolae_qazlal_eye_of_the_storm, cheibrodos_gnoll_hut,
          uniq_blork_the_orc, uniq_edmund, uniq_grinder
D:5:      layout_basic, hex_intersection, kennysheep_windowed_goal,
          uniq_eustachio, uniq_ijyb, uniq_sigmund
D:6:      layout_gridville, minmay_temple_entry_tees
D:7:      layout_loops_corners, zin_academy, minmay_holes, uniq_duvessa
D:8:      layout_cave_pods, grunt_dithmenos_smoke_and_mirrors,
          dpeg_lair_monsters
D:9:      layout_basic, serial_shops, shop, shop_coins, nicolae_diamond_shop,
          serial_aquarium, aquarium_bridge_square [aquarium_subvault_wall,
          aquarium_subvault_bridge, aquarium_subvault_window,
          aquarium_subvault_wall], aquarium_bridge_square
          [aquarium_subvault_wall, aquarium_subvault_bridge,
          aquarium_subvault_bridge, aquarium_subvault_wall],
          aquarium_window_fake, aquarium_window_corridor_3, aquarium_view_2e,
          aquarium_pool_corner
D:10:     minmay_bloctagon_deflated, layout_rooms, kennysheep_nub,
          serial_bayou_pond_a
Temple:   sentei_temple_godly_chess

Skill      XL: |  1  2  3  4  5  6  7  8  9 10 11 |
---------------+----------------------------------+-----
Shields        | 4 |  4.4
Armour         | 4 5 7 8 9 |  9.7
Fighting       | 4 5 6 7 9 10 12 | 12.0
Axes           | 3 |  3.9
Staves         | 1 4 6 7 |  7.9
Throwing       | 1 |  1.3
Dodging        | 1 2 3 |  3.6
Stealth        | 1 2 |  2.3
Evocations     | 1 2 |  2.2
Maces & Flails | 3 6 9 11 | 11.0
Invocations    | 2 4 5 |  5.6

Action                   |  1- 3 |  4- 6 |  7- 9 | 10-12 || total
-------------------------+-------+-------+-------+-------++-------
Melee: War axe           |    54 |    30 |       |       ||    84
       Headbutt          |     1 |    11 |    36 |    36 ||    84
       Lajatang          |       |    56 |    28 |       ||    84
       Flail             |       |       |   223 |   206 ||   429
       Punch             |       |       |     3 |     5 ||     8
Throw: Boomerang         |       |    16 |       |     2 ||    18
Invok: Heroism           |       |       |       |     1 ||     1
Evoke: Wand              |       |       |     9 |       ||     9
  Use: Scroll            |       |    10 |     1 |     5 ||    16
       Potion            |       |       |     2 |    14 ||    16
Armor: Scale mail        |    25 |    29 |    91 |    82 ||   227
       Skin              |       |       |    15 |     9 ||    24
Dodge: Dodged            |    28 |    52 |   155 |   156 ||   391
Block: Buckler           |    13 |     5 |       |       ||    18
